 Dungeon Crawl Stone Soup version 0.29-a0-330-g52719c12eb (webtiles) character file.

Game seed: 11615240358893797603

39 Gwenloh the Caller (level 3, 0/19 HPs)
             Began as a Deep Elf Summoner on Apr 19, 2022.
             Slain by a quokka (2 damage)
             ... on level 3 of the Dungeon.
             The game lasted 00:05:30 (1901 turns).

Gwenloh the Caller (Deep Elf Summoner)              Turns: 1901, Time: 00:05:31

Health: 0/19       AC:  2    Str:  5    XL:     3   Next: 28%
Magic:  10/10      EV: 12    Int: 21    God:
Gold:   126        SH:  0    Dex: 15    Spells: 4/10 levels left

rFire   . . .      SeeInvis .   f - +0 spear
rCold   . . .      Faith    .   (no shield)
rNeg    . . .      Spirit   .   a - +0 robe
rPois   .          Reflect  .   (no helmet)
rElec   .          Harm     .   (no cloak)
rCorr   .          Rampage  .   (no gloves)
Will    .....                   (no boots)
Stlth   ++........              (no amulet)
HPRegen 0.06/turn               (no ring)
MPRegen 0.12/turn               (no ring)

@: no status effects
A: no striking features
a: no special abilities


You were on level 3 of the Dungeon.
You visited 1 branch of the dungeon, and saw 3 of its levels.

You collected 126 gold pieces.

Inventory:

Hand Weapons
 e - a +0 whip
 f - a +0 spear (weapon)
Armour
 a - a +0 robe (worn)
Magical Staves
 m - a staff of air
Jewellery
 n - a ring of resist corrosion
 r - a ring of wizardry
Wands
 p - a wand of charming (4)
 t - a wand of digging (3)
Scrolls
 d - 2 scrolls of identify {unknown}
 g - a scroll of blinking {unknown}
 h - a scroll of teleportation {unknown}
 j - a scroll of immolation {unknown}
 l - a scroll of torment {unknown}
 o - a scroll of vulnerability {unknown}
 s - a scroll of enchant armour {unknown}
Potions
 b - a potion of magic
 c - a potion of berserk rage {unknown}
 i - a potion of degeneration {unknown}
 k - a potion of brilliance {unknown}
 q - a potion of heal wounds {unknown}


   Skills:
 - Level 2.4 Dodging
 - Level 2.4 Stealth
 + Level 4.2 Spellcasting
 + Level 5.1 Summonings


You had 4 spell levels left.
You knew the following spells:

 Your Spells              Type           Power      Damage    Failure   Level
a - Summon Small Mammal   Summ           100%       N/A       1%          1
b - Call Imp              Summ           25%        N/A       2%          2
c - Call Canine Familiar  Summ           25%        N/A       4%          3

Your spell library contained the following spells:

 Spells                   Type           Power      Damage    Failure   Level
 Summon Guardian Golem    Hex/Summ       15%        N/A       12%         3
 Summon Lightning Spire   Summ/Air       15%        N/A       38%         4


Dungeon Overview and Level Annotations

Branches:
Dungeon (3/15)

Altars:

Shops:
D:1 (


Message History

Things that are here:
a +0 dagger; a goblin corpse A quokka comes into view.
Found 20 stones.
Your hound disappears in a puff of smoke!
The quokka bites you. x2
You miss the quokka. The quokka closely misses you.
You barely miss the quokka. The quokka barely misses you. The quokka bites you.
You see here a scroll labelled TIGGOMM GILOE.
Casting: Call Canine Familiar (quite dangerous; 4% risk of failure)
Confirm with . or Enter, or press ? or * to list all spells.
The quokka closely misses you.
You closely miss the quokka. The quokka misses you.
Your quokka bites the quokka but does no damage.
You closely miss the quokka. The quokka bites you.
Your quokka misses the quokka.
You are too injured to fight recklessly!
You are too injured to fight recklessly!
You are too injured to fight recklessly!
You barely miss the quokka. The quokka barely misses you.
Your quokka bites the quokka but does no damage.
The quokka bites you but does no damage.
Your quokka closely misses the quokka.
You completely miss the quokka. The quokka barely misses you.
Your quokka bites the quokka.
You hit the quokka but do no damage.
The quokka is severely wounded.
The quokka bites you.
* * * LOW HITPOINT WARNING * * *
Your quokka closely misses the quokka.
The quokka attacks as you move away! The quokka bites you.
* * * LOW HITPOINT WARNING * * *
Your quokka completely misses the quokka.
The quokka bites you but does no damage.
The quokka attacks as you move away!
The quokka bites you but does no damage.
Your quokka misses the quokka. The quokka attacks as you move away!
The quokka bites you.
You die...

#......# #.....#
#.....# #.....#
#..?..# ######### #
#.....##
#.......######
####..r##
#.......#.....
###.r###.......#.####
##@..#.......#.#...
#.....)............
.......#........#...##
........##.......#.###
.........##.........#
.........##........##
.......(.##........#
.........##...####.#
....... #.#


You could see a quokka (ally target) and a friendly quokka (summoned).

Vanquished Creatures
  A giant cockroach (D:1)
  2 hobgoblins
  A jackal (D:2)
  3 bats
  2 frilled lizards
  2 rats (D:1)
11 creatures vanquished.

Vanquished Creatures (collateral kills)
  An adder (D:3)
  2 worms
  An endoplasm (D:2)
  2 goblins (D:3)
  2 hobgoblins (D:1)
  A jackal (D:2)
  A kobold (D:2)
  A quokka (D:3)
  A bat (D:2)
  A frilled lizard (D:2)
13 creatures vanquished.

Vanquished Creatures (others)
  A jackal (D:2)
1 creature vanquished.

Grand Total: 25 creatures vanquished

Notes
Turn   | Place    | Note
-------+----------+-------------------------------------------
     0 | D:1      | Gwenloh the Deep Elf Summoner began the quest for the Orb.
     0 | D:1      | Reached XP level 1. HP: 10/10 MP: 6/6
   303 | D:1      | Found Cobbe's Weapon Shoppe.
   811 | D:1      | Reached XP level 2. HP: 15/15 MP: 8/8
   814 | D:1      | Learned a level 2 spell: Call Imp
  1541 | D:2      | Found a faded altar of an unknown god.
  1725 | D:3      | Reached skill level 5 in Summonings
  1725 | D:3      | Reached XP level 3. HP: 19/19 MP: 6/10
  1729 | D:3      | Learned a level 3 spell: Call Canine Familiar
  1901 | D:3      | Slain by a quokka

Illustrated notes

Levels and vault maps discovered:
D:1:      amcnicky_arrival_flooded_fountain, layout_loops_cross, serial_shops,
          nicolae_shop_bloodbath_and_beyond
D:2:      layout_rooms, basic_ecumenical_altar, chequers_arboretum
D:3:      layout_rooms

Skill      XL: |  1  2 |
---------------+-------+-----
Spellcasting   | 4 |  4.2
Summonings     | 5 |  5.1
Dodging        | |  2.4
Stealth        | |  2.4

Action                   || total
-------------------------++-------
Melee: Spear             ||    70
 Cast: Summon Small Mamm ||    12
       Call Imp          ||     3
       Call Canine Famil ||     1
Evoke: Wand              ||     1
 Stab: Sleeping          ||     4
Armor: Robe              ||    12
Dodge: Dodged            ||    34

Table legend: (Time is in decaauts)
 A = Elapsed time spent in this place.
 B = Non-inter-level travel time spent in this place.
 C = Inter-level travel time spent in this place.
 D = Time resting spent in this place.
 E = Time spent auto-exploring this place.
 F = Levels seen in this place.
 G = Mean time per level.
                   A        B        C        D        E       F      G
               +--------+--------+--------+--------+--------+-----+--------+
         Total |   1907 |   1862 |     45 |      0 |   1555 |   3 |  635.7 |
       Dungeon |   1907 |   1862 |     45 |      0 |   1555 |   3 |  635.7 |
               +--------+--------+--------+--------+--------+-----+--------+

Top non-repeatable levels by time:
     D:1: 945 daAuts
     D:2: 766 daAuts
     D:3: 195 daAuts
